 Dungeon Crawl Stone Soup version 0.21-a0-417-g0adc95b (webtiles) character file.

138 nikopol the Firebug (level 5, 0/28 HPs)
             Began as a Deep Elf Fire Elementalist on Nov 3, 2017.
             Slain by a hornet zombie (8 damage)
             ... on level 3 of the Dungeon.
             The game lasted 00:07:23 (1679 turns).

nikopol the Firebug (Deep Elf Fire Elementalist)    Turns: 1679, Time: 00:07:23

Health: 0/28       AC:  2    Str:  5    XL:     5   Next: 1%
Magic:  2/13       EV: 13    Int: 21    God:
Gold:   70         SH:  0    Dex: 15    Spells: 6/12 levels left

rFire    . . .     SeeInvis +   p - +3 dagger (venom)
rCold    . . .     Gourm    .   (no shield)
rNeg     . . .     Faith    .   a - +0 robe
rPois    .         Spirit   .   s - +0 hat {SInv}
rElec    .         Reflect  .   (no cloak)
rCorr    .         Harm     .   (no gloves)
MR       .....                  (no boots)
Stlth    ++........             (no amulet)
HPRegen  0.09/turn              (no ring)
MPRegen  0.13/turn              (no ring)

@: no status effects
A: no striking features
a: no special abilities


You were on level 3 of the Dungeon.
You were not hungry.

You visited 1 branch of the dungeon, and saw 3 of its levels.

You collected 70 gold pieces.

Inventory:

Hand Weapons
 l - a +0 short sword
 p - a +3 dagger of venom (weapon)
Armour
 a - a +0 robe (worn)
 s - a +0 hat of see invisible (worn)
Scrolls
 d - a scroll of teleportation {unknown}
 f - a scroll of noise {unknown}
 g - 4 scrolls of identify {unknown}
 k - a scroll of blinking {unknown}
 o - 2 scrolls of amnesia {unknown}
 q - a scroll of magic mapping {unknown}
Potions
 e - a potion of heal wounds {unknown}
 m - a potion of magic {unknown}
 n - 2 potions of curing {unknown}
 r - a potion of lignification {unknown}
 t - a potion of flight {unknown}
Books
 b - a book of Flames

   Spells                             Type                      Level
   a - Flame Tongue                   Conjuration/Fire             1
   b - Throw Flame                    Conjuration/Fire             2
   c - Conjure Flame                  Conjuration/Fire             3
   d - Inner Flame                    Hexes/Fire                   3
   e - Sticky Flame                   Conjuration/Fire             4
   f - Fireball                       Conjuration/Fire             5
Comestibles
 c - 2 bread rations
 h - 9 chunks of flesh
 i - 4 royal jellies
 j - a meat ration


   Skills:
 + Level 2.9 Dodging
 + Level 2.9 Stealth
 + Level 4.4 Spellcasting
 + Level 2.3 Conjurations
 + Level 4.7 Fire Magic


You had 6 spell levels left.
You knew the following spells:

 Your Spells              Type           Power        Failure   Level  Hunger
a - Flame Tongue          Conj/Fire      ###..        2%          1    None
b - Throw Flame           Conj/Fire      ###...       4%          2    #......
c - Conjure Flame         Conj/Fire      ###.....     9%          3    ##.....


Dungeon Overview and Level Annotations

Branches:
Dungeon (3/15)

Altars:


Message History

The hornet zombie is moderately damaged.
The hornet zombie closely misses you. x2
Casting: Flame Tongue
Confirm with . or Enter, or press ? or * to list all spells.
Aiming: Flame Tongue
Press: ? - help, Shift-Dir - straight line, f/p - hornet zombie
Aim: a hornet zombie (moderately damaged)
The flame tongue hits the hornet zombie.
The hornet zombie is heavily damaged.
The hornet zombie closely misses you.
Casting: Flame Tongue
Confirm with . or Enter, or press ? or * to list all spells.
Aiming: Flame Tongue
Press: ? - help, Shift-Dir - straight line, f/p - hornet zombie
Aim: a hornet zombie (heavily damaged)
The flame tongue hits the hornet zombie.
The hornet zombie appears unharmed.
The hornet zombie is heavily damaged.
The hornet zombie hits you!
You die...

##.# #..# ####.##
#....# #.#### ##)# #
########..# ...
#........##########..#
#$......####....@Zb.#
#........รท...########
#........#####
#......>## #......(.
#.......## #.......#
#.......# ######.


You could see a hornet zombie and a bat.

Vanquished Creatures
  A worker ant (D:2)
  4 adders
  An ooze (D:1)
  3 dart slugs
  2 leopard geckos (D:2)
  4 orcs (D:2)
  4 bats
  5 giant cockroaches
  7 goblins
  4 hobgoblins (D:1)
  7 jackals
  5 kobolds
  A quokka (D:2)
  3 frilled lizards
  9 rats
60 creatures vanquished.

Notes
Turn   | Place    | Note
-------+----------+-------------------------------------------
     0 | D:1      | nikopol the Deep Elf Fire Elementalist began the quest for the Orb.
     0 | D:1      | Reached XP level 1. HP: 10/10 MP: 6/6
    36 | D:1      | Reached XP level 2. HP: 15/15 MP: 4/8
   330 | D:1      | Reached XP level 3. HP: 19/19 MP: 1/9
   415 | D:1      | Learned a level 2 spell: Throw Flame
   419 | D:1      | Learned a level 3 spell: Conjure Flame
   890 | D:2      | Reached XP level 4. HP: 22/24 MP: 7/11
  1659 | D:3      | Reached XP level 5. HP: 27/28 MP: 9/13
  1679 | D:3      | Slain by a hornet zombie

Vault maps used:
D:1:      doesnt_arrival_eight_statues
D:2:      first_bread, serial_bayou_pond_e
D:3:      lemuel_doored_altar, dancing_weapons_uskayaw, old_standard_altar,
          uniq_sigmund

Skill      XL: |  1  2  3  4 |
---------------+-------------+-----
Fire Magic     | 4 |  4.7
Spellcasting   | 4 |  4.4
Conjurations   | 2 |  2.3
Dodging        | |  2.9
Stealth        | |  2.9

Action                   |  1- 3 |  4- 6 || total
-------------------------+-------+-------++-------
Melee: Short sword       |     7 |       ||     7
 Cast: Flame Tongue      |    58 |    60 ||   118
       Throw Flame       |       |     1 ||     1
  Eat: Chunk             |       |     2 ||     2
Armor: Robe              |     2 |     2 ||     4
Dodge: Dodged            |    24 |    28 ||    52

Table legend:
 A = Spawn XP
 B = Non-spawn XP
 C = Spawn XP percentage of total XP
 D = Spawn monster count
 E = Non-spawn monster count
 F = Spawn count percentage of total count
 G = Total turns spent on level
                    A         B        C        D         E        F      G
               +---------+---------+-------+---------+---------+-------+---------
         Total |       0 |     198 |   0.0 |       0 |      60 |   0.0 |  1679
               +---------+---------+-------+---------+---------+-------+---------
           D:1 |       0 |      54 |   0.0 |       0 |      28 |   0.0 |   689
           D:2 |       0 |     127 |   0.0 |       0 |      29 |   0.0 |   919
           D:3 |       0 |      17 |   0.0 |       0 |       3 |   0.0 |    71
               +---------+---------+-------+---------+---------+-------+---------
